 Dungeon Crawl Stone Soup version 0.30-a0-305-g026cb31310 (webtiles) character file.

Game seed: 13906939728815468416

255120 LastSonOfTheWisdom the Eclecticist (level 19, -10/130 HPs)
             Began as a Felid Transmuter on Oct 22, 2022.
             Was the Champion of Vehumet.
             Shot with a bolt by a yaktaur captain (34 damage)
             ... on level 4 of the Vaults.
             The game lasted 06:43:06 (90131 turns).

LastSonOfTheWisdom the Eclecticist (FeTm)          Turns: 90131, Time: 06:43:06

Health: -10/130    AC: 33    Str: 11    XL:     19   Next: 4%
Magic:  44/44      EV: 34    Int: 28    God:    Vehumet [******]
Gold:   2745       SH:  0    Dex: 16    Spells: 9/58 levels left
                                        Lives:  0   Deaths: 4

rFire   . . .      SeeInvis +      - Unarmed
rCold   . . .      Faith    .    (shield unavailable)
rNeg    + . .      Spirit   .    (body armour unavailable)
rPois   ∞          Reflect  .    (helmet unavailable)
rElec   +          Harm     .    (cloak unavailable)
rCorr   .          Rampage  .    (gloves unavailable)
Will    +++..                    (boots unavailable)
Stlth   ++........               M - amulet of magic regeneration
HPRegen 0.41/turn                O - ring of Zotoirah {Will+ EV+4 Str+5 Stlth+}
MPRegen 0.69/turn                o - ring of Divine Compulsion {AC+4 Int+6 Dex-2}

@: statue-form, studying Earth Magic, very slow
A: slow and powerful, torment resistance 1, boosted hp, very small, claws 1,
fangs 3, see invisible, (speed 1), (shaggy fur 3), stealthy paws, no weapons or
thrown items, no armour, multi-lived
}: 2/15 runes: barnacled, gossamer
a: End Transformation, Renounce Religion


You were on level 4 of the Vaults.
You worshipped Vehumet.
Vehumet was exalted by your worship.
You were a living statue of rough stone.
You visited 8 branches of the dungeon, and saw 38 of its levels.
You also visited: Bailey, Gauntlet, Ice Cave, Volcano and Desolation.

You collected 7233 gold pieces.
You spent 4488 gold pieces at shops.

Inventory:

Jewellery
 o - the ring of Divine Compulsion (right paw) {AC+4 Int+6 Dex-2}
   (You found it in a Gauntlet)

   [ring of protection]

   AC:        It affects your AC (+4).
   Int:       It affects your intelligence (+6).
   Dex:       It affects your dexterity (-2).
 r - a ring of positive energy
 y - a ring of protection from cold
 C - a +6 ring of intelligence
 E - an amulet of reflection
 J - the ring of Fip Icul {rCorr Int+3}
   (You found it on level 3 of the Elven Halls)

   [ring of resist corrosion]

   Int:       It affects your intelligence (+3).
   rCorr:     It protects you from acid and corrosion.
 L - a ring of wizardry
 M - an amulet of magic regeneration (around neck)
 N - the ring "Dyut Iga" {rPois rF+ AC+4 Dex+4 Slay+3}
   (You took it off an ironbound convoker in the Desolation of Salt)

   [ring of protection]

   AC:        It affects your AC (+4).
   Dex:       It affects your dexterity (+4).
   Slay:      It affects your accuracy & damage with ranged weapons and melee
   (+3).
   rF:        It protects you from fire.
   rPois:     It protects you from poison.
 O - the ring of Zotoirah (left paw) {Will+ EV+4 Str+5 Stlth+}
   (You acquired it on level 1 of the Shoals)

   [ring of evasion]

   EV:        It affects your evasion (+4).
   Str:       It affects your strength (+5).
   Will:      It increases your willpower.
   Stlth:     It makes you more stealthy.
 R - the ring of Weiptobimm {Will+ Int-5 Dex+3}
   (You found it on level 9 of the Dungeon)

   [ring of willpower]

   Int:       It affects your intelligence (-5).
   Dex:       It affects your dexterity (+3).
   Will:      It increases your willpower.
 S - the ring of Mysticism {Fire Will+ MP+9}
   (You found it on level 9 of the Dungeon)

   [ring of fire]

   It enhances your fire magic.
   rF:        It protects you from fire.
   rC:        It makes you vulnerable to cold.
   MP:        It affects your magic capacity (+9).
   Will:      It increases your willpower.
 U - a ring of flight
 W - the ring "Winamet" {Contam rF+ rC+ Str+5 Dex+3}
   (You found it in a Gauntlet)

   [ring of protection from cold]

   Str:       It affects your strength (+5).
   Dex:       It affects your dexterity (+3).
   rF:        It protects you from fire.
   rC:        It protects you from cold.
   Contam:    It causes magical contamination when unequipped.
 Z - a +6 ring of dexterity
Wands
 b - a wand of iceblast (47)
 v - a wand of polymorph (21)
 w - a wand of acid (4)
 H - a wand of digging (14)
 I - a wand of flame (43)
 K - a wand of charming (29)
 Q - a wand of mindburst (22)
Scrolls
 f - 4 scrolls of magic mapping
 h - 3 scrolls of silence
 i - 8 scrolls of teleportation
 l - 7 scrolls of vulnerability
 p - 3 scrolls of fear
 q - 2 scrolls of blinking
 z - a scroll of summoning
 A - a scroll of acquirement
 D - 9 scrolls of fog
 T - 3 scrolls of poison
 V - 4 scrolls of immolation
 X - 4 scrolls of amnesia
Potions
 a - 7 potions of lignification
 c - 13 potions of mutation
 d - 12 potions of flight
 e - 6 potions of resistance
 g - 7 potions of cancellation
 k - 24 potions of curing
 m - 6 potions of haste
 n - 6 potions of might
 s - 2 potions of ambrosia
 t - 5 potions of attraction
 x - 4 potions of invisibility
 B - 4 potions of brilliance
 F - 7 potions of magic
Miscellaneous
 j - a box of beasts
 u - a tin of tremorstones (1/2)
 G - a phantom mirror
 P - a phial of floods
 Y - a condenser vane


   Skills:
 + Level 19.8 Fighting
 - Level 19.0 Dodging
 - Level 7.0 Unarmed Combat
 - Level 20.0 Spellcasting
 - Level 7.0 Conjurations
 - Level 5.0 Hexes
 - Level 5.0 Summonings
 - Level 10.0 Necromancy
 - Level 13.0 Transmutations
 - Level 13.0 Fire Magic
 - Level 15.0 Earth Magic


You had 9 spell levels left.
You knew the following spells:

 Your Spells              Type           Power      Damage    Failure   Level
a - Sandblast             Erth           100%       2d20      0%          1
b - Iron Shot             Conj/Erth      37%        9d7       1%          6
c - Summon Guardian Gole  Hex/Summ       54%        N/A       1%          3
d - Statue Form           Tmut/Erth      54%        N/A       1%          6
e - Yara's Violent Unrav  Hex/Tmut       34%        3d14      1%          5
f - Borgnjor's Vile Clut  Necr/Erth      39%        N/A       1%          5
g - Frozen Ramparts       Ice            56%        1d9       1%          3
h - Flame Wave            Conj/Fire      71%        2d16      1%          4
i - Searing Ray           Conj           100%       2d8       1%          2
j - Shock                 Conj/Air       100%       1d9       1%          1
k - Spider Form           Tmut/Pois      59%        N/A       1%          3
m - Shatter               Erth           42%        3d33*     58%         9
s - Beastly Appendage     Tmut           100%       N/A       0%          1

Your spell library contained the following spells:

 Spells                   Type           Power      Damage    Failure   Level
 Chain Lightning          Conj/Air       23%        3d31      100%        9
 Passwall                 Tmut/Erth      68%        N/A       0%          2
 Scorch                   Fire           100%       2d10      0%          2
 Wereblood                Tmut           79%        N/A       0%          2
 Apportation              Tloc           56%        N/A       1%          1
 Freeze                   Ice            100%       1d10      1%          1
 Magic Dart               Conj           100%       1d8       1%          1
 Slow                     Hex            100%       N/A       1%          1
 Summon Small Mammal      Summ           100%       N/A       1%          1
 Cigotuvi's Dreadful Rot  Necr/Pois/Air  92%        N/A       1%          2
 Ensorcelled Hibernation  Hex/Ice        84%        N/A       1%          2
 Momentum Strike          Conj/Tloc      94%        3d10      1%          2
 Call Canine Familiar     Summ           54%        N/A       1%          3
 Confusing Touch          Hex            54%        N/A       1%          3
 Dazzling Flash           Conj/Hex       100%       N/A       1%          3
 Hailstorm                Conj/Ice       47%        3d11      1%          3
 Inner Flame              Hex/Fire       68%        N/A       1%          3
 Stone Arrow              Conj/Erth      100%       3d13      1%          3
 Tukima's Dance           Hex            54%        N/A       1%          3
 Anguish                  Hex/Necr       31%        N/A       1%          4
 Animate Dead             Necr           71%        N/A       1%          4
 Fulminant Prism          Conj/Hex       28%        3d14      1%          4
 Ice Form                 Ice/Tmut       59%        N/A       1%          4
 Leda's Liquefaction      Hex/Erth       35%        N/A       1%          4
 Agony                    Necr           71%        N/A       1%          5
 Blade Hands              Tmut           39%        N/A       1%          5
 Iskenderun's Battlesphe  Conj           61%        2d11      1%          5
 Lee's Rapid Deconstruct  Erth           42%        3d20*     1%          5
 Starburst                Conj/Fire      35%        6d10      1%          6
 Arcjolt                  Conj/Air       23%        1d33      2%          5
 Lightning Bolt           Conj/Air       23%        1d39      2%          5
 Death Channel            Necr           35%        N/A       3%          6
 Gell's Gravitas          Tloc           28%        N/A       4%          3
 Lesser Beckoning         Tloc           56%        N/A       4%          3
 Ozocubu's Armour         Ice            28%        N/A       4%          3
 Swiftness                Air            28%        N/A       4%          3
 Teleport Other           Tloc           28%        N/A       4%          3
 Vhi's Electric Charge    Tloc/Air       56%        N/A       4%          3
 Summon Ice Beast         Ice/Summ       42%        N/A       4%          4
 Freezing Cloud           Conj/Ice/Air   20%        6-21      4%          5
 Summon Mana Viper        Hex/Summ       54%        N/A       4%          5
 Eringya's Noxious Bog    Tmut/Pois      29%        N/A       4%          6
 Metabolic Englaciation   Hex/Ice        21%        N/A       14%         5
 Silence                  Hex/Air        21%        N/A       14%         5
 Summon Forest            Summ/Tloc      21%        N/A       14%         5
 Lehudib's Crystal Spear  Conj/Erth      37%        10d9      26%         8
 Haunt                    Necr/Summ      31%        N/A       50%         7
 Necromutation            Tmut/Necr      37%        N/A       63%         8
 Enfeeble                 Hex            27%        N/A       83%         7
 Monstrous Menagerie      Summ           27%        N/A       83%         7
 Summon Hydra             Summ           27%        N/A       83%         7
 Borgnjor's Revivificati  Necr           35%        N/A       83%         8
 Ozocubu's Refrigeration  Ice            14%        4d10      94%         7
 Fire Storm               Conj/Fire      35%        8d9       99%         9
 Discord                  Hex            27%        N/A       100%        8
 Maxwell's Capacitive Co  Air            14%        ∞         100%        8
 Death's Door             Necr           35%        N/A       100%        9
 Portal Projectile        Hex/Tloc       Unusable   N/A       N/A         3
 Animate Armour           Summ/Erth      Unusable   N/A       N/A         4

Dungeon Overview and Level Annotations

Branches:
Dungeon (15/15) Zot: 24496  Temple (1/1) D:6 Zot: 5930    Lair (5/5) D:8 Zot: 15614
 Shoals (4/4) Lair:2 Zot: 16392  Spider (4/4) Lair:2 Zot: 17259   Slime (0/5) Lair:4
    Orc (2/2) D:10 Zot: 8452     Elf (3/3) Orc:2 Zot: 8964  Vaults (3/5) D:14 Zot: 16350
  Crypt (0/3) Vaults:3     Depths (0/4) D:15         Bailey (visited)
  IceCv (visited)         Volcano (visited)         Desolation (visited)
Gauntlet (visited)

Altars:
Ashenzari
Cheibriados
Dithmenos
Elyvilon
Fedhas
Gozag
Hepliaklqana
Kikubaaqudgha
Makhleb
Nemelex Xobeh
Okawaru
Qazlal
Ru
Sif Muna
Trog
Uskayaw
Vehumet
Wu Jian
Xom
Yredelemnul
Zin
The Shining One
Jiyva

Shops:
D:13 [   D:14 **   Orc:2 (*[([   Elf:2 !   Elf:3 [==:   Shoals:3 =(:!
Vaults:1 (   Vaults:2 [

Portals:
Trove: D:14 (give 13 potions of heal wounds)

Annotations:
Orc:2 1 runed translucent door, confidenceinterval's ghost, journeyman GnRe
Elf:1 6 runed translucent doors
Vaults:1 2 transporters


Innate Abilities, Weirdness & Mutations

You are a living statue of rough stone.
Your actions are slow, but your melee attacks are powerful.
You are resistant to unholy torment.
Your maximum health is greatly increased.
You are immune to poison.
You have sharp claws.
You have razor-sharp teeth.
You have supernaturally acute eyesight. (SInv)
((You cover ground quickly. (Speed+)))
((Your thick and shaggy fur keeps you warm. (AC +3, rC+)))
Your paws help you pounce on unaware monsters.
You are incapable of wielding weapons or throwing items.
You cannot wear armour.
You gain extra lives every three experience levels.


Message History

The dire elephant completely misses you.
The crystal guardian no longer looks unusually strong.
The ironbound preserver gestures wildly while chanting.
The ironbound preserver is healed somewhat.
The deep troll completely misses you. The deep troll barely misses you.
The deep troll misses you. The dire elephant tramples you!
* * * LOW HITPOINT WARNING * * *
You stumble backwards!
The dire elephant attacks as you move away!
The dire elephant tramples you but does no damage.
The dire elephant closely misses you.
Your surroundings suddenly seem different.
Found a throwing net.
The sentinel's mark upon you fades away.
You open the door.
A yaktaur captain and 2 yaktaurs come into view.
The yaktaur shouts!
The yaktaur wields a +0 arbalest.
The yaktaur shoots a bolt.
The bolt misses you.
The yaktaur captain wields a +0 arbalest.
The yaktaur captain shoots a bolt.
The bolt hits you.
* * * LOW HITPOINT WARNING * * *
Found a scroll of identify and 22 gold pieces.
Found an escape hatch in the ceiling.
The yaktaur shoots a bolt.
The bolt misses you.
The yaktaur captain shoots a bolt.
The bolt hits you!
* * * LOW HITPOINT WARNING * * *
There is an open door here.
As you read the scroll of teleportation, it crumbles to dust.
You feel strangely unstable.
The yaktaur captain shoots a bolt.
The bolt completely misses you.
You claw the yaktaur captain!
The yaktaur captain is lightly wounded.
The yaktaur captain unwields a +0 arbalest.
The yaktaur captain hits you but does no damage. x2
You claw the yaktaur captain! You claw the yaktaur captain.
The yaktaur captain is moderately wounded.
Your surroundings seem slightly different.
The yaktaur captain wields a +0 arbalest.
The yaktaur captain shoots a bolt.
The bolt hits you!!
You die...

....... .......
........# . ........#
.. ........# ...
........#########+#....
.......................
........8..............
....................(..
........§c.............
#########c#############
#.............
#..?.....^....
#.............
#..c..........
+$.c.........<


You could see a yaktaur captain and a yaktaur.

Vanquished Creatures
  Sojobo (Vaults:2)
  Asterion (Spider:4)
  A titan (Shoals:4)
  A deep elf blademaster (Elf:3)
  Mlioglotl (Spider:4)
  2 deep elf master archers (Elf:3)
  Polyphemus (Shoals:2)
  2 sphinxes
  Gastronok (D:8)
  2 tengu reavers (Vaults:2)
  Ilsuiw (Shoals:1)
  Roxanne (Spider:4)
  A frost giant (Vaults:1)
  The ghost of Jurt the Severer, a journeyman DsGl (Elf:2)
  6 ghost moths
  Louise (Spider:1)
  Aizul (Spider:4)
  3 deep elf elementalists (Elf:3)
  A deep elf sorcerer (Elf:2)
  4 imperial myrmidons (Desolation)
  5 emperor scorpions
  8 vault wardens
  2 broodmothers
  2 angels (Vaults:3)
  2 orc warlords
  5 very ugly things
  11 ironbound preservers
  6 ironbound thunderhulks
  A war gargoyle (Vaults:1)
  Nessos (Orc:2)
  4 deep elf demonologists
  2 elemental wellsprings (Shoals:1)
  4 dire elephants
  A minotaur (Gauntlet)
  3 deep elf annihilators
  A spark wasp (Spider:2)
  2 halazid warlocks (Desolation)
  Snorg (Orc:2)
  11 merfolk javelineers
  Josephine (Lair:3)
  19 merfolk impalers
  4 deep elf death magi
  5 yaktaur captains
  3 crystal guardians
  A fire dragon (Lair:5)
  3 entropy weavers
  6 great orbs of eyes
  8 ragged hierophants (Desolation)
  An entropy weaver (shapeshifter) (D:14)
  12 hydras
  2 jorogumos
  12 vault guards
  5 deep elf high priests
  5 peacekeepers
  12 servants of whispers (Desolation)
  2 ogre magi
  A rakshasa (D:15)
  2 merfolk avatars (Shoals:4)
  2 catoblepae
  14 centaur warriors
  4 alligator snapping turtles
  6 merfolk aquamancers
  A radroach (Spider:3)
  5 ironbound frosthearts (Vaults:1)
  7 boulder beetles
  9 two-headed ogres
  37 dancing weapons
  6 death scarabs (Spider:4)
  A deep troll earth mage (D:13)
  8 death yaks
  An orc high priest (Orc:2)
  A sun demon (Volcano)
  A fire crab (Lair:3)
  3 sun moths
  7 pharaoh ants
  19 deep elf knights
  7 steelbarb worms
  23 deep trolls
  2 bog bodies (IceCv)
  13 sea snakes
  2 spectral wolf spiders (Spider:4)
  12 ironbound convokers
  A wolf spider zombie (Spider:4)
  3 orc knights
  12 lindwurms
  7 orb spiders
  6 wizards
  16 deep elf archers
  30 harpies
  25 deep elf pyromancers
  5 orc sorcerers
  A broodmother zombie (Spider:4)
  20 ugly things
  An oklob plant (Shoals:2)
  12 fauns
  3 necromancers
  15 deep elf zephyrmancers
  3 cyclopes
  16 wolf spiders
  4 black mambas
  21 manticores
  The ghost of twist the Changer, a novice OpTm (D:7)
  A guardian serpent (Desolation)
  3 centaur zombies (D:15)
  3 moths of wrath
  7 merfolk sirens
  A naga mage (D:15)
  12 vault sentinels
  8 torpor snails
  3 molten gargoyles (Desolation)
  A gargoyle (D:13)
  12 water nymphs
  21 elephants
  A smoke demon (Gauntlet)
  12 cane toads
  Psyche (D:8)
  2 spectral redbacks (Spider:4)
  8 komodo dragons
  7 rime drakes
  An unseen horror (D:6)
  6 demonic crawlers
  26 yaktaurs
  A freezing wraith (D:14)
  An anaconda simulacrum (IceCv)
  A kobold demonologist (D:13)
  3 redback zombies (Spider:4)
  An efreet (D:9)
  A tengu conjurer (D:13)
  2 red devils (Volcano)
  A queen bee (Lair:1)
  2 guardian mummies (D:14)
  8 trolls
  10 meliai
  Grinder (D:6)
  10 polar bears
  11 wind drakes
  39 merfolk
  3 spectral tarantellas (Spider:4)
  8 hornets
  20 blink frogs
  2 raiju (Lair:5)
  4 tyrant leeches (Lair:5)
  49 saltlings (Desolation)
  22 tarantellas
  24 slime creatures
  29 jumping spiders
  4 spectral jumping spiders (Spider:4)
  2 tarantella zombies (Spider:4)
  14 snapping turtles
  Prince Ribbit (D:6)
  12 dream sheep
  6 flying skulls (Gauntlet)
  24 culicivoras
  A shadow (D:10)
  37 water elementals
  2 vampires
  11 air elementals
  37 yaks
  Eustachio (D:5)
  4 wyverns
  7 wraiths
  3 basilisks
  10 fire bats
  12 vampire mosquitoes
  A steam dragon (Lair:2)
  2 chaos spawn (Elf:2)
  3 fire elementals
  34 redbacks
  12 wargs
  An acid dragon (D:11)
  2 hydra simulacra (IceCv)
  8 water moccasins
  Duvessa (D:5)
  19 hell hounds
  2 sky beasts
  12 black bears
  3 ice beasts
  33 orc warriors
  12 ogres
  2 centaurs
  66 wolves
  2 phantoms
  11 bullfrogs
  3 kobold brigands
  4 necrophages
  A gnoll sergeant (D:9)
  6 scorpions
  A wyvern zombie (D:8)
  3 earth elementals
  8 wights
  Dowan (D:5)
  25 killer bees
  An elephant simulacrum (IceCv)
  An electric eel (Lair:1)
  4 howler monkeys
  6 lava snakes
  3 crimson imps (Gauntlet)
  A human zombie (D:8)
  17 orc priests
  6 hounds
  A gnoll bouda (D:8)
  5 iguanas
  29 orc wizards
  2 spriggan simulacra (IceCv)
  7 hell rats (Lair:1)
  A troll simulacrum (IceCv)
  A wolf simulacrum (IceCv)
  2 mummies (D:8)
  2 howler monkey zombies (D:8)
  16 gnolls
  6 adders
  A naga simulacrum (IceCv)
  A shadow imp (D:6)
  9 white imps
  4 ufetubi (IceCv)
  4 worms
  A dart slug (D:3)
  133 orcs
  6 ball pythons
  10 endoplasms
  7 giant cockroaches
  16 hobgoblins
  6 jackals
  3 quokkas
  8 bats
  6 frilled lizards
  25 goblins
  20 kobolds
  6 rats
  3 fire vortices (D:11)
1837 creatures vanquished.

Vanquished Creatures (collateral kills)
  A merfolk javelineer (Shoals:3)
  3 merfolk (Shoals:3)
4 creatures vanquished.

Vanquished Creatures (others)
  A deep elf blademaster (Elf:3)
  Donald (Orc:1)
  An orc warlord (Bailey)
  A centaur warrior (D:13)
  A boulder beetle (D:10)
  3 two-headed ogres
  A death yak (Lair:1)
  Urug (Lair:2)
  2 deep elf knights
  The ghost of kthxbai the Digger, a novice OpEE of Gozag (D:9)
  Pikel (D:4)
  A deep elf zephyrmancer (Elf:1)
  2 deep elf pyromancers (Elf:1)
  2 orc knights
  6 ugly things
  A manticore (D:13)
  Joseph (D:7)
  An elephant (Lair:4)
  An ice statue (IceCv)
  A yaktaur (Vaults:1)
  2 anaconda simulacra (IceCv)
  A komodo dragon (Lair:3)
  An ice devil (IceCv)
  2 polar bears
  2 trolls
  A saltling (Desolation)
  A wraith (D:11)
  16 yaks
  An unseen horror simulacrum (D:9)
  A basilisk (Lair:1)
  4 vampire mosquitoes
  A death yak simulacrum (IceCv)
  Menkaure (D:7)
  A steam dragon (D:7)
  A hydra simulacrum (IceCv)
  8 water moccasins
  19 orc warriors
  A black bear (Lair:3)
  An ice beast (D:5)
  An ogre (Orc:1)
  A centaur (D:9)
  2 lemures (D:3)
  A bullfrog (D:6)
  A necrophage (D:6)
  3 cane toad simulacra (IceCv)
  3 two-headed ogre simulacra (IceCv)
  A gnoll sergeant (D:10)
  2 killer bees (D:9)
  An elephant simulacrum (IceCv)
  Crazy Yiuf (D:7)
  A gnoll bouda (D:7)
  An orc wizard (D:7)
  3 spriggan simulacra (IceCv)
  7 troll simulacra (IceCv)
  4 polar bear simulacra (IceCv)
  3 gnolls (D:4)
  2 naga simulacra (IceCv)
  3 ufetubi
  5 orcs
  A hobgoblin (Bailey)
  A fulminant prism (Orc:1)
  38 fungi
  226 plants
  6 withered plants
413 creatures vanquished.

Grand Total: 2254 creatures vanquished

Notes
Turn   | Place    | Note
-------+----------+-------------------------------------------
     0 | D:1      | LastSonOfTheWisdom the Felid Transmuter began the quest for
                  | the Orb.
     0 | D:1      | Reached XP level 1. HP: 9/9 MP: 4/4
    17 | D:1      | Found a shadowy altar of Dithmenos.
   198 | D:1      | Reached XP level 2. HP: 13/13 MP: 4/6
   481 | D:1      | Found a faded altar of an unknown god.
   618 | D:1      | Reached XP level 3. HP: 17/17 MP: 7/7
  1364 | D:2      | Reached skill level 3 in Spellcasting
  1548 | D:3      | Found an opulent altar of Gozag.
  1559 | D:3      | Reached XP level 4. HP: 21/21 MP: 9/9
  1595 | D:3      | Learned a level 3 spell: Spider Form
  1793 | D:3      | Learned a level 3 spell: Summon Guardian Golem
  2067 | D:3      | Reached skill level 1 in Summonings
  2897 | D:4      | Reached XP level 5. HP: 24/24 MP: 5/10
  3005 | D:4      | Noticed a lemure
  3009 | D:4      | Noticed Pikel
  3018 | D:4      | Noticed a nameless horror
  3093 | D:3      | Killed a lemure
  3232 | D:4      | Noticed a lemure
  3233 | D:4      | Noticed a lemure
  3233 | D:4      | Noticed a lemure
  3303 | D:3      | Killed a lemure
  3351 | D:4      | Got A Tutorial on Theurgy
  3354 | D:4      | Learned a level 1 spell: Sandblast
  3772 | D:4      | Killed Pikel
  3773 | D:4      | Reached skill level 1 in Earth Magic
  3773 | D:4      | Reached skill level 4 in Spellcasting
  3773 | D:4      | Reached skill level 5 in Spellcasting
  3773 | D:4      | Gained mutation: You are covered in thick fur. (AC +2)
                  | [Felid growth]
  3773 | D:4      | Reached XP level 6. HP: 28/28 MP: 5/14
  3773 | D:4      | Reached XP level 7. HP: 31/31 MP: 5/15
  3890 | D:5      | Entered Level 5 of the Dungeon
  3892 | D:5      | Found a broken altar of Ashenzari.
  4526 | D:5      | Found Zin's Purification Station.
  4535 | D:5      | Found a glowing silver altar of Zin.
  4538 | D:5      | Bought a potion of curing for 90 gold pieces
  4570 | D:5      | Noticed Eustachio
  4641 | D:5      | Noticed Duvessa
  4641 | D:5      | Noticed Dowan
  5070 | D:5      | Reached XP level 8. HP: 36/36 MP: 13/16
  5140 | D:5      | Killed Eustachio
  5237 | D:5      | Reached skill level 6 in Spellcasting
  5366 | D:5      | Killed Duvessa
  5795 | D:6      | Noticed Prince Ribbit
  5862 | D:6      | Noticed Grinder
  5933 | D:6      | Killed Grinder
  5934 | D:6      | Reached skill level 5 in Fighting
  6293 | D:5      | Killed Dowan
  6294 | D:5      | Reached skill level 7 in Spellcasting
  6553 | D:6      | Reached skill level 5 in Earth Magic
  6858 | D:6      | Found a staircase to the Ecumenical Temple.
  6879 | Temple   | Entered the Ecumenical Temple
  6936 | Temple   | Became a worshipper of Vehumet
  6998 | D:6      | Reached XP level 9. HP: 40/40 MP: 16/21
  7318 | D:6      | Killed Prince Ribbit
  7319 | D:6      | Reached skill level 8 in Spellcasting
  7411 | D:6      | Noticed a troll
  7442 | D:6      | Noticed an unseen horror
  7648 | D:6      | Reached skill level 5 in Summonings
  7955 | D:6      | Killed an unseen horror
  7956 | D:6      | Reached skill level 5 in Dodging
  7992 | D:6      | Killed a troll
  8391 | D:7      | Noticed Menkaure
  8405 | D:7      | Killed Menkaure
  8794 | D:7      | Reached XP level 10. HP: 45/45 MP: 19/23
  8889 | D:7      | Found an iron altar of Okawaru.
  8966 | D:6      | Reached * piety under Vehumet
  8966 | D:6      | Offered knowledge of Shock by Vehumet.
  8971 | D:6      | Learned a level 1 spell: Shock
  9124 | D:7      | Found a runed translucent door.
  9124 | D:7      | Noticed twist's ghost (novice OpTm)
  9364 | D:7      | Noticed Joseph
  9398 | D:7      | Killed Joseph
  9708 | D:7      | Found a runed translucent door.
  9709 | D:7      | Noticed Crazy Yiuf
 10078 | D:7      | Killed Crazy Yiuf
 10299 | D:7      | Killed twist's ghost
 10300 | D:7      | Reached skill level 9 in Spellcasting
 10391 | D:8      | Found a hazy altar of Hepliaklqana.
 10395 | D:8      | Found a blossoming altar of Fedhas.
 10539 | D:8      | Noticed Gastronok
 10667 | D:8      | Found a staircase to the Lair.
 11090 | D:8      | Found a shimmering altar of Xom.
 11157 | D:8      | Noticed Psyche
 11161 | D:8      | Killed Psyche
 11222 | D:8      | Found a basalt altar of Yredelemnul.
 11256 | D:8      | Offered knowledge of Searing Ray by Vehumet.
 11268 | D:8      | Learned a level 2 spell: Searing Ray
 11273 | D:8      | Reached ** piety under Vehumet
 11286 | D:8      | Reached skill level 10 in Spellcasting
 11402 | D:8      | Found an ornate altar of the Wu Jian Council.
 11885 | D:9      | Found a flagged portal.
 11894 | D:9      | Offered knowledge of Frozen Ramparts by Vehumet.
 11934 | Bailey   | Entered a bailey
 11953 | Bailey   | Learned a level 3 spell: Frozen Ramparts
 12029 | Bailey   | Reached *** piety under Vehumet
 12230 | Bailey   | Reached XP level 11. HP: 51/51 MP: 20/26
 12281 | Bailey   | Offered knowledge of Flame Wave by Vehumet.
 12294 | Bailey   | Learned a level 4 spell: Flame Wave
 12362 | Bailey   | Noticed an orc knight
 12386 | Bailey   | Noticed an orc knight
 12422 | Bailey   | Killed an orc knight
 12560 | Bailey   | Killed an orc knight
 12626 | Bailey   | Noticed an orc warlord
 12867 | Bailey   | Killed an orc warlord
 13123 | D:9      | Identified the +9 scimitar "Mumon" {chaos, Str+4}
 13132 | D:9      | Noticed a two-headed ogre
 13176 | D:9      | Killed a two-headed ogre
 13241 | D:9      | Found a runed translucent gate.
 13242 | D:9      | Found a runed translucent gate.
 13243 | D:9      | Found a runed translucent gate.
 13426 | D:9      | Noticed a two-headed ogre
 13460 | D:9      | Killed a two-headed ogre
 13568 | D:9      | Reached **** piety under Vehumet
 13649 | D:9      | Noticed kthxbai's ghost (novice OpEE)
 13827 | D:9      | Offered knowledge of Fulminant Prism by Vehumet.
 14216 | D:10     | Entered Level 10 of the Dungeon
 14450 | D:10     | Found a burning altar of Makhleb.
 14510 | D:10     | Reached skill level 11 in Spellcasting
 14526 | D:10     | Learned a level 4 spell: Fulminant Prism
 14716 | D:10     | Found a white marble altar of Elyvilon.
 14820 | D:10     | Noticed a two-headed ogre
 14859 | D:10     | Killed a two-headed ogre
 15286 | D:10     | Found a staircase to the Orcish Mines.
 15354 | D:10     | Found a shadowy altar of Dithmenos.
 15653 | D:9      | Gained mutation: Your thick and shaggy fur keeps you warm.
                  | (AC +3, rC+) [Felid growth]
 15653 | D:9      | Reached XP level 12. HP: 49/58 MP: 25/28
 15710 | D:9      | Killed kthxbai's ghost
 15711 | D:9      | Reached skill level 10 in Fighting
 15742 | D:9      | Identified the ring of Weiptobimm {Will+ Int-5 Dex+3}
 15810 | D:9      | Got the ring of Mysticism {Fire Will+ MP+9}
 15948 | D:11     | Noticed a two-headed ogre
 15961 | D:11     | Killed a two-headed ogre
 16729 | D:11     | Noticed a boulder beetle
 16997 | D:11     | Reached skill level 12 in Spellcasting
 17111 | D:12     | Noticed a boulder beetle
 17837 | D:12     | Noticed a two-headed ogre
 17857 | D:12     | Reached ***** piety under Vehumet
 18103 | D:10     | Killed a boulder beetle
 18407 | D:11     | Offered knowledge of Yara's Violent Unravelling by Vehumet.
 18414 | D:11     | Learned a level 5 spell: Yara's Violent Unravelling
 18467 | D:12     | Killed a two-headed ogre
 18695 | D:12     | Noticed a boulder beetle
 18912 | D:13     | Found Xelalate's Armour Shop.
 19003 | D:13     | Noticed a centaur warrior
 19091 | D:13     | Killed a centaur warrior
 19092 | D:13     | Reached skill level 13 in Spellcasting
 19109 | D:13     | Noticed a two-headed ogre
 19114 | D:13     | Killed a two-headed ogre
 19358 | Orc:1    | Entered Level 1 of the Orcish Mines
 19360 | Orc:1    | Noticed an orc warlord
 19506 | D:10     | Reached XP level 13. HP: 64/64 MP: 31/31
 19626 | D:10     | Killed an orc warlord
 20018 | Orc:1    | Reached skill level 10 in Dodging
 20080 | Orc:1    | Found a frozen archway.
 20090 | IceCv    | Entered an ice cave
 22071 | IceCv    | Got Dent's Secrets of the Glacier
 22573 | Orc:1    | Found a bloodstained altar of Trog.
 22639 | Orc:2    | Entered Level 2 of the Orcish Mines
 23061 | Orc:2    | Found a staircase to the Elven Halls.
 23061 | Orc:2    | Found a runed translucent door.
 23062 | Orc:2    | Found a shimmering altar of Xom.
 23062 | Orc:2    | Noticed confidenceinterval's ghost (journeyman GnRe)
 23063 | Orc:2    | Identified the +3 broad axe "Ezixumma" {chaos, Str+3 SInv}
 23253 | Orc:2    | Noticed Donald
 23424 | Orc:1    | Reached skill level 14 in Spellcasting
 23674 | Orc:2    | Found Ofaquese's Weapon Shop.
 24057 | Orc:2    | Noticed Nessos
 24146 | Orc:1    | Killed Donald
 24309 | Lair:1   | Entered Level 1 of the Lair of Beasts
 24315 | Lair:1   | Reached skill level 1 in Hexes
 24646 | D:8      | Offered knowledge of Iron Shot by Vehumet.
 24725 | Lair:1   | Learned a level 6 spell: Iron Shot
 24780 | Lair:1   | Found a dark tunnel.
 24871 | Volcano  | Entered a volcano
 25256 | Volcano  | Found a burning altar of Makhleb.
 25411 | Volcano  | Found a radiant altar of Vehumet.
 26116 | Lair:1   | Reached skill level 1 in Conjurations
 26153 | Lair:1   | Reached XP level 14. HP: 70/70 MP: 31/33
 27131 | Lair:2   | Found a hole to the Spider Nest.
 27162 | Lair:2   | Found a staircase to the Shoals.
 27776 | Lair:2   | Reached skill level 5 in Conjurations
 28788 | Lair:2   | Noticed Urug
 29707 | Lair:2   | Killed Urug
 29707 | Lair:2   | Offered knowledge of Iskenderun's Battlesphere by Vehumet.
 29719 | Lair:2   | Learned a level 5 spell: Iskenderun's Battlesphere
 30876 | Lair:3   | Noticed Josephine
 31070 | Lair:3   | Killed Josephine
 32337 | Lair:3   | Reached skill level 15 in Spellcasting
 32466 | Lair:3   | Reached skill level 5 in Hexes
 32922 | Lair:3   | Reached skill level 5 in Transmutations
 33172 | Lair:3   | Offered knowledge of Eringya's Noxious Bog by Vehumet.
 33533 | Lair:3   | Reached XP level 15. HP: 73/73 MP: 16/35
 33973 | Lair:4   | Reached skill level 10 in Earth Magic
 34137 | Lair:4   | Found a staircase to the Slime Pits.
 34137 | Lair:4   | Found a viscous altar of Jiyva.
 34219 | Lair:4   | Found a gate leading to a gauntlet.
 34224 | Gauntlet | Entered a Gauntlet
 34224 | Gauntlet | Found a transporter.
 34233 | Gauntlet | Found a transporter.
 34236 | Gauntlet | Found a transporter.
 34237 | Gauntlet | Found a transporter.
 34248 | Gauntlet | Found a transporter.
 34249 | Gauntlet | Found a transporter.
 34250 | Gauntlet | Found a transporter.
 34258 | Gauntlet | Found a transporter.
 34261 | Gauntlet | Found a transporter.
 34262 | Gauntlet | Found a transporter.
 34270 | Gauntlet | Found a transporter.
 34273 | Gauntlet | Found a transporter.
 34274 | Gauntlet | Found a transporter.
 34278 | Gauntlet | Found a runed translucent door.
 34278 | Gauntlet | Found a runed translucent door.
 34282 | Gauntlet | Found a transporter.
 34604 | Gauntlet | Identified the ring of Divine Compulsion {AC+4 Int+6 Dex-2}
 35008 | Gauntlet | Identified the ring "Winamet" {Contam rF+ rC+ Str+5 Dex+3}
 35043 | Gauntlet | Identified the +2 pearl dragon scales of Vanity {rN+
                  | Stlth+}
 36522 | Lair:5   | Entered Level 5 of the Lair of Beasts
 36930 | Lair:5   | Reached ****** piety under Vehumet
 36930 | Lair:5   | Offered knowledge of Orb of Destruction by Vehumet.
 37741 | Lair:5   | Found a runed translucent door.
 39034 | Lair:5   | Offered knowledge of Fireball by Vehumet.
 39475 | Lair:5   | Reached skill level 10 in Transmutations
 40869 | Orc:2    | Learned a level 6 spell: Statue Form
 40897 | Orc:2    | Found Goapsag's General Store.
 41208 | Orc:2    | Killed Nessos
 41209 | Orc:2    | Reached XP level 16. HP: 77/79 MP: 18/36
 41770 | Orc:2    | Noticed Snorg
 41785 | Orc:2    | Killed Snorg
 41959 | Orc:2    | Offered knowledge of Lehudib's Crystal Spear by Vehumet.
 41999 | Orc:2    | Found Qoivioboso's Antique Armour Shoppe.
 42003 | Orc:2    | Found Utiaxzix's Antique Weapon Emporium.
 42074 | Orc:2    | Found Jasholl's Antique Armour Emporium.
 42498 | D:8      | Killed Gastronok
 44358 | D:13     | Reached skill level 15 in Dodging
 44561 | D:14     | Found a gate to the Vaults.
 45366 | D:14     | Found Muot's Assorted Antiques.
 45376 | D:14     | Bought a scroll of fear for 132 gold pieces
 45376 | D:14     | Bought a scroll of magic mapping for 247 gold pieces
 45376 | D:14     | Bought a potion of mutation for 264 gold pieces
 45376 | D:14     | Bought a tubular cabochon ring for 165 gold pieces
 45498 | D:14     | Found Leofatt's Overcharged Wands.
 45742 | D:14     | Found a portal to a secret trove of treasure.
 46248 | D:15     | Entered Level 15 of the Dungeon
 46720 | D:15     | Reached skill level 16 in Spellcasting
 47743 | D:15     | Found a staircase to the Depths.
 48127 | D:13     | Reached skill level 15 in Fighting
 48418 | Spider:1 | Entered Level 1 of the Spider Nest
 49003 | Spider:1 | Identified the +6 war axe "Kaybly" {protect, Dex+4}
 49502 | Spider:1 | Noticed Louise
 49605 | Spider:1 | Killed Louise
 50305 | Spider:2 | Reached XP level 17. HP: 85/85 MP: 14/38
 50676 | Spider:2 | Offered knowledge of Fire Storm by Vehumet.
 50676 | Spider:2 | Offered knowledge of Shatter by Vehumet.
 50676 | Spider:2 | Offered knowledge of Chain Lightning by Vehumet.
 50685 | Spider:2 | Reached skill level 17 in Spellcasting
 53384 | Spider:4 | Entered Level 4 of the Spider Nest
 53384 | Spider:4 | Noticed Roxanne
 54927 | Spider:4 | Noticed Asterion
 55371 | Spider:4 | Killed Asterion
 57001 | Spider:4 | Noticed Mlioglotl
 57002 | Spider:4 | Noticed Aizul
 57488 | Spider:4 | Killed Aizul
 57591 | Spider:4 | Killed Mlioglotl
 58041 | Spider:4 | Killed Roxanne
 58264 | Spider:4 | Reached skill level 18 in Spellcasting
 58724 | Spider:4 | Blown up by an orb spider
 58725 | Spider:4 | Reached XP level 16. HP: -13/106 MP: 14/39
 59047 | Spider:4 | Reached XP level 17. HP: 63/86 MP: 14/40
 59049 | Spider:4 | Reached skill level 5 in Unarmed Combat
 60113 | Spider:4 | Identified the +2 pair of boots "Eheorph" {Contam rC+ rN++
                  | Regen+}
 60119 | Spider:4 | Got a gossamer rune of Zot
 60276 | Shoals:1 | Entered Level 1 of the Shoals
 61009 | Shoals:1 | Mangled by an alligator snapping turtle
 61010 | Shoals:1 | Reached XP level 16. HP: -7/109 MP: 10/39
 61833 | Shoals:2 | Noticed Polyphemus
 61846 | Shoals:2 | Killed Polyphemus
 62243 | Shoals:2 | Noticed Ilsuiw
 62391 | Shoals:1 | Acquired the Omnibus of Collective Attacks
 62395 | Shoals:1 | Acquired the ring of Zotoirah {Will+ EV+4 Str+5 Stlth+}
 62397 | Shoals:1 | Acquired Adwoffos's Secrets of Jinxing
 62424 | Shoals:1 | Killed Ilsuiw
 64215 | Shoals:2 | Found a white marble altar of Elyvilon.
 64455 | Shoals:3 | Found Roist's Book Emporium.
 64841 | Shoals:3 | Found Roaset's Jewellery Boutique.
 65080 | Shoals:3 | Found Vugangof's Antique Weapon Shoppe.
 65281 | Shoals:3 | Reached XP level 17. HP: 41/89 MP: 9/40
 65483 | Shoals:3 | Found Bauppon's Distillery.
 65540 | Shoals:3 | Bought a potion of resistance for 130 gold pieces
 65540 | Shoals:3 | Bought a potion of heal wounds for 65 gold pieces
 65540 | Shoals:3 | Bought a potion of curing for 39 gold pieces
 65540 | Shoals:3 | Bought a potion of resistance for 130 gold pieces
 65540 | Shoals:3 | Bought a potion of haste for 130 gold pieces
 65540 | Shoals:3 | Bought a potion of invisibility for 104 gold pieces
 65540 | Shoals:3 | Bought 2 potions of curing for 78 gold pieces
 65540 | Shoals:3 | Bought 2 potions of mutation for 208 gold pieces
 66129 | Shoals:3 | Identified the +6 war axe "Paucw" {distort, *Corrode rN+
                  | Str+2}
 66426 | Shoals:3 | Bought a manual of Fire Magic for 1120 gold pieces
 66979 | Shoals:4 | Entered Level 4 of the Shoals
 67036 | Shoals:4 | Reached skill level 1 in Fire Magic
 68136 | Shoals:4 | Reached skill level 5 in Fire Magic
 68358 | Shoals:4 | Paralysed by an air elemental for 1 turns
 68360 | Shoals:4 | Paralysed by an air elemental for 1 turns
 69705 | Shoals:4 | Found a stormy altar of Qazlal.
 69750 | Shoals:4 | Reached skill level 10 in Fire Magic
 70127 | Shoals:4 | Paralysed by an air elemental for 1 turns
 70133 | Shoals:4 | Paralysed by an air elemental for 1 turns
 70682 | Shoals:4 | Noticed a titan
 70889 | Shoals:4 | Killed a titan
 71104 | Shoals:4 | Got a barnacled rune of Zot
 71754 | Shoals:1 | Reached XP level 18. HP: 57/94 MP: 7/41
 72210 | Orc:2    | Learned a level 9 spell: Shatter
 72212 | Elf:1    | Entered Level 1 of the Elven Halls
 73551 | Elf:1    | HP: 4/122 [deep elf knight/shard of ice (53)]
 74003 | Elf:1    | Found a runed translucent gate.
 74003 | Elf:1    | Found a runed translucent gate.
 74003 | Elf:1    | Found a runed translucent gate.
 74003 | Elf:1    | Found a runed translucent gate.
 74003 | Elf:1    | Found a runed translucent gate.
 74005 | Elf:1    | Found a runed translucent gate.
 74313 | Elf:2    | Noticed Jurt's ghost (journeyman DsGl)
 74590 | Elf:2    | Found a runed translucent door.
 75047 | Elf:2    | Found Tiybamor's Distillery.
 75181 | Elf:2    | Bought a potion of curing for 42 gold pieces
 75181 | Elf:2    | Bought 3 potions of curing for 126 gold pieces
 75181 | Elf:2    | Bought a potion of cancellation for 112 gold pieces
 75181 | Elf:2    | Bought a potion of mutation for 112 gold pieces
 75646 | Elf:2    | Found a runed translucent gate.
 75647 | Elf:2    | Found a runed translucent gate.
 75648 | Elf:2    | Found a runed translucent gate.
 76112 | Elf:3    | Entered Level 3 of the Elven Halls
 76112 | Elf:3    | Found Gadoillehu's Antique Armour Emporium.
 76384 | Elf:3    | Found Osaempud's Book Emporium.
 76384 | Elf:3    | Found Xouthripn's Jewellery Shop.
 76385 | Elf:3    | Found Wyfau's Jewellery Shop.
 76412 | Elf:3    | Bought an amulet of magic regeneration for 510 gold pieces
 76420 | Elf:3    | Bought a book of Unlife for 684 gold pieces
 76428 | Elf:3    | Learned a level 5 spell: Borgnjor's Vile Clutch
 77347 | Elf:3    | Reached skill level 1 in Necromancy
 77796 | Elf:3    | Identified the ring "Dutadaxt" {rC+ Stlth+}
 78303 | Elf:3    | Reached skill level 5 in Necromancy
 78597 | Elf:3    | Got the Papyrus of Chilled Combustion
 78612 | Elf:3    | Identified the ring of Fip Icul {rCorr Int+3}
 78815 | Elf:2    | Killed Jurt's ghost
 78983 | Elf:2    | Reached XP level 19. HP: 79/97 MP: 12/42
 81084 | Vaults:1 | Entered Level 1 of the Vaults
 81912 | Vaults:1 | Found Naem's Weapon Boutique.
 82126 | Vaults:1 | Reached skill level 10 in Necromancy
 82692 | Vaults:1 | Found a transporter.
 82730 | Vaults:1 | Found a transporter.
 83224 | Vaults:1 | Reached skill level 19 in Spellcasting
 83695 | Vaults:1 | Got A Thorough Guide to Magic
 85457 | Vaults:2 | Reached XP level 20. HP: 69/103 MP: 22/44
 86573 | Vaults:2 | Found Qazosham's Armour Emporium.
 87030 | Vaults:2 | Noticed Sojobo
 87034 | Vaults:2 | Paralysed by an air elemental for 1 turns
 87042 | Vaults:2 | Paralysed by an air elemental for 1 turns
 87045 | Vaults:2 | Paralysed by an air elemental for 1 turns
 87049 | Vaults:2 | Paralysed by an air elemental for 1 turns
 87053 | Vaults:2 | Killed Sojobo
 88086 | Vaults:3 | Reached skill level 15 in Earth Magic
 88120 | Vaults:3 | Found a glowing silver altar of Zin.
 88120 | Vaults:3 | Found a glowing golden altar of the Shining One.
 88121 | Vaults:3 | Found a crumbling gateway.
 88148 | Vaults:3 | Found a white marble altar of Elyvilon.
 88260 | Desolati | Entered the Desolation of Salt
 88703 | Desolati | Got Othe Loi's Atlas of Twisted Bewitchment
 88705 | Desolati | Got Buggas's Anthology of Molten Frostbite
 88868 | Desolati | HP: 2/128 [imperial myrmidon/+2 demon blade of freezing
                  | (6)]
 88877 | Desolati | HP: 6/128 [saltling (2)]
 88878 | Desolati | Slain by a servant of whispers
 88879 | Desolati | Reached XP level 19. HP: -1/122 MP: 41/43
 89162 | Desolati | Got Qouwigyco's Atlas of Enchantment and the Voyage
 89166 | Desolati | Got Rafec's Disquisition on the Red-Hot Congregation
 89168 | Desolati | Got the Octavo of the Bloody Snowflakes
 89242 | Desolati | Identified the ring "Dyut Iga" {rPois rF+ AC+4 Dex+4
                  | Slay+3}
 89255 | Desolati | Reached skill level 20 in Spellcasting
 89268 | Desolati | HP: 5/128 [molten gargoyle/+1 mace of protection (3)]
 89268 | Desolati | Mangled by a molten gargoyle
 89269 | Desolati | Reached XP level 18. HP: -7/124 MP: 43/43
 89277 | Desolati | Identified the +12 shortbow of Resumed Hostilities {flame,
                  | rC- Int+9}
 89339 | Desolati | Got Cifu's Reference Book on the Barrage
 89358 | Desolati | Identified the +0 helmet of Ziataem {rC+ Dex+5}
 89783 | Vaults:3 | You fall into a shaft and drop 1 floor!
 90098 | Vaults:4 | Reached XP level 19. HP: 100/100 MP: 40/44
 90131 | Vaults:4 | Shot with a bolt by a yaktaur captain

Illustrated notes

Levels and vault maps discovered:
D:1:      dpeg_arrival_water_altar, layout_basic,
          hellmonk_ecumenical_altar_slurped_away
D:2:      layout_basic, corexii_corridor_pit, minmay_pentomino_r2
D:3:      layout_basic, nicolae_gozag_cash_rules_everything_around_me
D:4:      layout_layer_cave, uniq_pikel
D:5:      layout_basic, cheibrodos_ashenzari_chains, zin_purify,
          minmay_misc_feat_four_crosses, uniq_eustachio, uniq_duvessa
D:6:      kennysheep_windowed_halls, layout_loops_cross,
          minmay_temple_entry_purple_smoke, corexii_corridor_pit,
          uniq_prince_ribbit1, uniq_grinder
D:7:      layout_basic, okawaru_altar_gauntlet_db, gammafunk_ghost_grave,
          dreamdust_gnoll_shepherd, uniq_menkaure, uniq_crazy_yiuf_cottage,
          uniq_joseph
D:8:      layout_loops_ring, mainiacjoe_overflow_concentric_impassable,
          grunt_temple_overflow_open, lemuel_mausoleum_altar_yredelemnul,
          nzn_wu_jian_council_hall, uniq_psyche, uniq_gastronok
D:9:      layout_roguey, enter_bailey_3, gammafunk_ghost_icy, special_room
          [special_room_orc], minmay_bent
D:10:     layout_irregular_city, grunt_dithmenos_shadows, elyvilon_altar_1,
          mainiacjoe_overflow_catwalk, david_orc_4
D:11:     layout_roguey, hangedman_incinerator
D:12:     layout_cross
D:13:     layout_long_grid, serial_shops, shop, kennysheep_four_rooms
D:14:     layout_irregular_city, erik_vaults_2,
          nicolae_trove_entry_path_of_doom, serial_shops,
          nicolae_lakefront_shop, nicolae_shop_overcharged_wands
D:15:     grunt_enter_depths_magical_seal, layout_rooms, columned_hall_lemuel,
          minivault_16, billiards_dpeg
Temple:   cyrus_temple_forest
Lair:1:   layout_gridlike, special_room [special_room_bee], enter_volcano_3,
          serial_bayou, serial_bayou_shore_b, serial_bayou_shore_b,
          serial_bayou_pond_b, serial_bayou_shore_a
Lair:2:   layout_hall_layers, minmay_shoals_entry_beasts,
          nicolae_spider_entry_non_spiders, minivault_25, patterned_corridor,
          uniq_urug
Lair:3:   nzn_winding_woodlands_large [nzn_winding_woodlands_5x5_default,
          nzn_winding_woodlands_5x15_split_checker,
          nzn_winding_woodlands_5x5_open_star,
          nzn_winding_woodlands_center_diamonds,
          nzn_winding_woodlands_15x15_killbox,
          nzn_winding_woodlands_center_pierced_h,
          nzn_winding_woodlands_5x5_perimeter, nzn_winding_woodlands_5x15_eye,
          nzn_winding_woodlands_5x5_three], layout_cave_shapes, uniq_josephine
Lair:4:   layout_loops_ring, slime_entry_1, gauntlet_entry_generic,
          grunt_forest_large_clearings, lemuel_fruit_tree
Lair:5:   hangedman_lair_caniforms_friends, layout_small_grid, wormcave
Shoals:1: layout_shoals, nicolae_shoals_spring_well_temple
Shoals:2: layout_shoals, lemuel_oklob_altar, uniq_ilsuiw, uniq_polyphemus
Shoals:3: layout_shoals, serial_shops, shop, shop, nicolae_stop_n_shop_1,
          shop_statue, nicolae_shoals_pincushion_passage
Shoals:4: shoals_end_hellmonk_storm_palace [storm_palace_center_circular,
          storm_palace_corner_altar, storm_palace_corner_narrow,
          storm_palace_corner_narrow, storm_palace_corner_grid]
Spider:1: layout_spider_delve, uniq_louise
Spider:2: layout_spider_delve
Spider:3: layout_spider_delve
Spider:4: floodkiller_spider_rune_tomb, uniq_roxanne, uniq_aizul,
          uniq_mlioglotl, uniq_asterion
Orc:1:    layout_caves, portal_ice_cave_rime, basic_altar
Orc:2:    grunt_orc_community_town_hall, layout_caves,
          grunt_orc_community_big_house_1, grunt_orc_community_big_house_2,
          grunt_orc_community_house_3, grunt_orc_community_house_2,
          grunt_orc_community_house_2, grunt_orc_community_house_3,
          ebering_ghost_xom, serial_shops, shop, nicolae_orc_lava_room,
          uniq_donald, uniq_snorg, uniq_nessos
Elf:1:    layout_geoelf_diagonals, orc_legates
Elf:2:    nicolae_elf_blades_splatter_lattice
          [nicolae_blade_entry_floor_patterns], layout_gridlike,
          hellmonk_ghost_big_iron, nicolae_stop_n_shop_1, minivault_20,
          nicolae_elf_free_trip_to_the_abyss
Elf:3:    elf_hall_gauntlet_narrow, layout_geoelf_diagonals, serial_shops,
          nicolae_shop_temple_entry_statues_fountains,
          nicolae_elf_glass_and_crystal_pillar_2, nicolae_elf_big_sculpture_3,
          minmay_shop_grove
Vaults:1: vaults_room_fancy_cross, hangedman_vaults_nodes,
          nicolae_vaults_network_barrier, grunt_vaults_diagonal,
          vaults_mumra_minichess_inversion, hangedman_vaults_nails,
          nicolae_vaults_diagonal_hallway_9, gammafunk_its_a_trap,
          nicolae_vaults_triangles, v_alt_pattern_2,
          ontoclasm_vaults_decontamination, ontoclasm_vaults_idyll,
          layout_vaults_maze_bifur, serial_shops,
          nicolae_shop_bloodbath_and_beyond
Vaults:2: vaults_room_corners, hangedman_vaults_cutoff,
          nicolae_vaults_hallways_thing, hangedman_vaults_nails,
          vaults_room_ringed_pool, dpeg_vaults_monster_box,
          hangedman_vaults_slice, nicolae_vaults_three_branches,
          ontoclasm_vaults_ring_square, ontoclasm_vaults_twist,
          layout_vaults_omnigrid, serial_shops, shop, uniq_sojobo
Vaults:3: portal_desolation_entry_holy_temple, st_lines,
          nicolae_vaults_rhombus_6, minmay_crypt_entry_necro_gods,
          nicolae_vaults_big_ls, vaults_dpeg_ring, grunt_vaults_twisty,
          v_rooms_5, vaults_dpeg_diagonal, vaults_dpeg_emergency_exit,
          layout_vaults_omnicross
Vaults:4: hangedman_vaults_variations, grunt_vaults_bifocal,
          nicolae_vaults_little_squares_3, vaults_mumra_hex, v_misc_14,
          dpeg_vaults_waves, ontoclasm_vaults_eye, v_misc_4,
          layout_vaults_big_room, uniq_jory

Skill      XL: |  1  2  3  4  5  6  7  8  9 10 11 12 13 14 15 16 17 18 19 20 |
---------------+-------------------------------------------------------------+-----
Fighting       | 2 3 4 5 6 8 9 11 13 14 17 18 19 | 19.8
Spellcasting   | 3 5 7 8 10 11 13 14 15 16 18 20 | 20.0
Summonings     | 2 3 4 5 |  5.0
Earth Magic    | 3 4 5 7 9 10 11 12 15 | 15.0
Dodging        | 3 5 7 8 9 12 13 14 17 16 18 19 | 19.0
Transmutations | 3 5 11 12 13 | 13.0
Hexes          | 3 5 |  5.0
Conjurations   | 2 7 |  7.0
Unarmed Combat | 4 5 7 |  7.0
Fire Magic     | 12 13 | 13.0
Necromancy     | 5 10 | 10.0

Action                   |  1- 3 |  4- 6 |  7- 9 | 10-12 | 13-15 | 16-18 | 19-21 || total
-------------------------+-------+-------+-------+-------+-------+-------+-------++-------
Melee: Unarmed           |   116 |   129 |    88 |    16 |    18 |   810 |   438 ||  1615
       Bite              |    11 |    12 |     2 |       |     3 |   151 |    90 ||   269
       Headbutt          |     8 |    15 |       |       |       |       |       ||    23
       Punch             |     2 |     1 |       |     1 |     1 |    54 |    54 ||   113
 Cast: Beastly Appendage |    17 |    14 |     1 |       |     5 |       |       ||    37
       Summon Guardian G |       |     6 |    22 |   124 |   139 |    23 |     1 ||   315
       Sandblast         |       |     1 |   154 |   401 |   680 |   369 |    89 ||  1694
       Spider Form       |       |     1 |     9 |     2 |     1 |       |       ||    13
       Fulminant Prism   |       |       |       |     1 |       |       |       ||     1
       Yara's Violent Un |       |       |       |       |    15 |       |       ||    15
       Iron Shot         |       |       |       |       |   367 |  1236 |   368 ||  1971
       Statue Form       |       |       |       |       |     1 |   179 |    40 ||   220
       Borgnjor's Vile C |       |       |       |       |       |     8 |    29 ||    37
       Flame Wave        |       |       |       |       |       |       |     5 ||     5
 Abil: End Transformatio |       |       |     1 |     1 |     1 |       |     1 ||     4
Evoke: Phantom mirror    |       |       |       |       |     1 |       |       ||     1
       Tin of tremorston |       |       |       |       |       |       |     2 ||     2
  Use: Potion            |       |       |     1 |     4 |     3 |    16 |    12 ||    36
       Scroll            |       |       |       |    19 |    16 |    15 |     3 ||    53
 Stab: Sleeping          |     6 |     1 |       |       |       |     2 |       ||     9
       Distracted        |       |       |       |       |       |     1 |       ||     1
Armor: Skin              |    14 |    19 |    12 |    11 |    54 |   918 |   324 ||  1352
Dodge: Dodged            |    70 |    91 |   109 |   261 |   563 |  3633 |  1671 ||  6398
Block: Other             |       |       |       |    54 |   131 |   648 |   127 ||   960
       Reflection        |       |       |       |     3 |     5 |    53 |    17 ||    78

Table legend: (Time is in decaauts)
 A = Elapsed time spent in this place.
 B = Non-inter-level travel time spent in this place.
 C = Inter-level travel time spent in this place.
 D = Time resting spent in this place.
 E = Time spent auto-exploring this place.
 F = Levels seen in this place.
 G = Mean time per level.
                   A        B        C        D        E       F      G
               +--------+--------+--------+--------+--------+-----+--------+
         Total |  89943 |  85798 |   4145 |  26172 |  28427 |  43 | 2091.7 |
       Dungeon |  22922 |  20930 |   1992 |   3110 |   8201 |  15 | 1528.1 |
        Temple |     69 |     48 |     21 |      0 |     29 |   1 |   69.0 |
          Lair |  14385 |  13675 |    710 |   5127 |   4403 |   5 | 2877.0 |
        Shoals |  13607 |  13416 |    191 |   5888 |   3174 |   4 | 3401.8 |
   Spider Nest |  12740 |  12267 |    473 |   6314 |   2760 |   4 | 3185.0 |
  Orcish Mines |   3547 |   3185 |    362 |    468 |   1020 |   2 | 1773.5 |
   Elven Halls |   9035 |   8844 |    191 |   2630 |   3582 |   3 | 3011.7 |
        Vaults |   7648 |   7445 |    203 |   1024 |   4585 |   4 | 1912.0 |
        Bailey |    973 |    973 |      0 |    180 |     60 |   1 |  973.0 |
      Ice Cave |   1852 |   1852 |      0 |    621 |      0 |   1 | 1852.0 |
       Volcano |    534 |    534 |      0 |    194 |      0 |   1 |  534.0 |
    Desolation |   1652 |   1652 |      0 |    295 |    423 |   1 | 1652.0 |
      Gauntlet |    974 |    974 |      0 |    319 |    187 |   1 |  974.0 |
               +--------+--------+--------+--------+--------+-----+--------+

Top non-repeatable levels by time:
Shoals:4: 4686 daAuts
Spider:4: 4465 daAuts
Spider:3: 4133 daAuts
Vaults:1: 3827 daAuts
   Elf:2: 3636 daAuts
  Lair:2: 3555 daAuts
Shoals:1: 3066 daAuts
  Lair:5: 3027 daAuts
Vaults:2: 2989 daAuts
Shoals:3: 2938 daAuts
Shoals:2: 2916 daAuts
   Elf:1: 2752 daAuts
  Lair:1: 2736 daAuts
   Elf:3: 2646 daAuts
  Lair:3: 2618 daAuts
